 Dungeon Crawl Stone Soup version 0.23.0 (webtiles) character file.

Game seed: 12124410158051989152

105 Kairos the Shield-Bearer (level 4, -6/24 HPs)
             Began as a Vine Stalker Fighter on Feb 11, 2019.
             Killed from afar by an orc wizard (7 damage)
             ... with a puff of flame
             ... on level 3 of the Dungeon.
             The game lasted 00:02:21 (1762 turns).

Kairos the Shield-Bearer (Vine Stalker Fighter)     Turns: 1762, Time: 00:02:22

Health: -6/24      AC:  6    Str: 19    XL:     4   Next: 83%
Magic:  0/5        EV:  7    Int:  8    God:
Gold:   103        SH:  9    Dex: 14    Spells: 3/3 levels left

rFire    . . .     SeeInvis .   e - +2 whip (vamp)
rCold    . . .     Gourm    .   c - +0 shield
rNeg     . . .     Faith    .   b - +0 scale mail
rPois    .         Spirit   +   (no helmet)
rElec    .         Reflect  .   (no cloak)
rCorr    .         Harm     .   (no gloves)
MR       .....                  (no boots)
Stlth    ..........             (no amulet)
HPRegen  0.48/turn              (no ring)
MPRegen  0.09/turn              (no ring)

@: no status effects
A: fangs 2, regeneration 1, magic shield, antimagic bite, no potion heal 3, rot
immunity
a: no special abilities


You were on level 3 of the Dungeon.
You were very hungry.

You visited 1 branch of the dungeon, and saw 3 of its levels.

You collected 103 gold pieces.

Inventory:

Hand Weapons
 a - a +0 war axe
 e - a +2 vampiric whip (weapon)
Missiles
 g - 7 javelins of returning (quivered)
Armour
 b - a +0 scale mail (worn)
 c - a +0 shield (worn)
Scrolls
 k - a scroll of identify {unknown}
 m - a scroll of remove curse {unknown}
 n - a scroll of fear {unknown}
 o - a scroll of immolation {unknown}
Potions
 d - a potion of might
 f - 3 potions of berserk rage {unknown}
 h - a potion of ambrosia {unknown}
 j - a potion of haste {unknown}
 l - a potion of brilliance {unknown}
Comestibles
 i - 6 rations


   Skills:
 + Level 3.1 Fighting
 + Level 2.0(2.3) Axes
 + Level 1.7(2.2) Maces & Flails
 + Level 3.1 Armour
 + Level 3.2 Shields


You had 3 spell levels left.
You didn't know any spells.
Your spell library was empty.

Dungeon Overview and Level Annotations

Branches:
Dungeon (3/15)

Altars:


Innate Abilities, Weirdness & Mutations

You have extremely sharp teeth.
Your natural rate of healing is unusually fast.
When hurt, damage is shared between your health and your magic reserves.
Your bite disrupts and absorbs the magic of your enemies.
Potions cannot restore your health.
You are immune to rotting.


Message History

The orc wizard points at you and mumbles some strange words.
The puff of frost hits you!
The orc priest looks encouraged for a moment.
The orc wizard casts a cantrip, but nothing happens.
The orc sings a few bars from the Orcish anthem.
You closely miss the orc wizard.
You bite the orc wizard, but do no damage.
The orc wizard is heavily wounded.
The orc wizard hits you but does no damage.
The orc priest invokes the aid of Beogh against you.
Beogh smites you!
* * * LOW HITPOINT WARNING * * *
You hit the orc wizard. Your bite misses the orc wizard.
The orc wizard is severely wounded.
The orc wizard casts a spell at you. The puff of flame hits you!
* * * LOW HITPOINT WARNING * * *
The orc wizard gestures at you while chanting.
The puff of flame hits you!
You die...

#.#####..###
#..........#
##########.# #.#
#.# #.# . #.#
#..o##########.#
#ooooo@.......#
###############


You could see an orc priest, an orc wizard and 4 orcs.

Vanquished Creatures
  A gnoll (D:1)
  4 adders (D:2)
  2 worms (D:2)
  A dart slug (D:1)
  3 leopard geckos (D:2)
  2 orcs (D:3)
  A ball python (D:2)
  3 giant cockroaches
  4 goblins (D:2)
  4 hobgoblins
  4 jackals (D:2)
  5 kobolds
  7 bats
  3 frilled lizards
  7 rats
51 creatures vanquished.

Notes
Turn   | Place    | Note
-------+----------+-------------------------------------------
     0 | D:1      | Kairos the Vine Stalker Fighter began the quest for the
                  | Orb.
     0 | D:1      | Reached XP level 1. HP: 11/11 MP: 2/2
   124 | D:1      | Reached XP level 2. HP: 12/16 MP: 1/3
   712 | D:2      | Reached XP level 3. HP: 18/19 MP: 4/4
  1117 | D:2      | Reached skill level 1 in Maces & Flails
  1117 | D:2      | Gained mutation: Your natural rate of healing is unusually
                  | fast. [Vine Stalker growth]
  1117 | D:2      | Reached XP level 4. HP: 21/24 MP: 3/5
  1762 | D:3      | HP: 1/24 [orc wizard/puff of flame (6)]
  1762 | D:3      | Killed from afar by an orc wizard

Skill      XL: |  1  2  3 |
---------------+----------+-----
Shields        | 3 |  3.2
Fighting       | 3 |  3.1
Axes           | 2 |  2.0
Maces & Flails | 1 |  1.7
Armour         | 3 |  3.1

Action                   |  1- 3 |  4- 6 || total
-------------------------+-------+-------++-------
Melee: Whip              |    92 |    69 ||   161
       Bite              |    17 |    17 ||    34
       War axe           |     2 |       ||     2
  Use: Scroll            |     1 |       ||     1
  Eat: Ration            |     1 |       ||     1
       Chunk             |     1 |     2 ||     3
Armor: Scale mail        |    24 |    33 ||    57
Dodge: Dodged            |    22 |    20 ||    42
Block: Shield            |    32 |    35 ||    67
